 Dungeon Crawl Stone Soup version 0.29-a0-973-gac7da5f7f0 (webtiles) character file.

Game seed: 15592564768424213007

219 greasedhog the Digger (level 5, -2/28 HPs)
             Began as a Gargoyle Earth Elementalist on Aug 1, 2022.
             Killed by divine providence
             ... invoked by an orc priest
              (8 damage)
             ... on level 3 of the Dungeon.
             The game lasted 00:04:38 (2547 turns).

greasedhog the Digger (Gargoyle Earth Elementalist) Turns: 2547, Time: 00:04:39

Health: -2/28      AC:  7    Str: 11    XL:     5   Next: 96%
Magic:  9/10       EV: 11    Int: 18    God:
Gold:   102        SH:  0    Dex: 10    Spells: 3/11 levels left

rFire   . . .      SeeInvis .   d - +1 dagger (speed)
rCold   . . .      Faith    .   l - orb {light}
rNeg    + . .      Spirit   .   a - +0 robe
rPois   ∞          Reflect  .   j - +0 helmet
rElec   +          Harm     .   (no cloak)
rCorr   .          Rampage  .   (no gloves)
Will    +....                   (no boots)
Stlth   +.........              (no amulet)
HPRegen 0.09/turn               f - ring of willpower
MPRegen 0.12/turn               (no ring)

@: brilliant, glowing
A: sickness immunity, AC +4, negative energy resistance 1, electricity
resistance, torment resistance 1, petrification resistance
a: no special abilities


You were on level 3 of the Dungeon.
You visited 1 branch of the dungeon, and saw 3 of its levels.

You collected 138 gold pieces.
You spent 36 gold pieces at shops.

Inventory:

Hand Weapons
 d - a +1 dagger of speed (weapon)
 g - a +2 dagger of freezing
Armour
 a - a +0 robe (worn)
 j - a +0 helmet (worn)
 l - an orb of light (worn)
Jewellery
 f - a ring of willpower (left hand)
Scrolls
 h - a scroll of magic mapping
 k - a scroll of butterflies
 o - a scroll of brand weapon {unknown}
Potions
 b - 2 potions of magic
 c - a potion of brilliance
 e - 2 potions of flight {unknown}
 i - 2 potions of curing {unknown}
 m - a potion of heal wounds {unknown}


   Skills:
 - Level 1.5 Dodging
 * Level 4.4 Stealth
 * Level 3.5 Spellcasting
 - Level 0.7 Transmutations
 * Level 5.3 Earth Magic


You had 3 spell levels left.
You knew the following spells:

 Your Spells              Type           Power      Damage    Failure   Level
a - Sandblast             Erth           66%        2d15      1%          1
b - Stone Arrow           Conj/Erth      38%        3d9       16%         3
c - Petrify               Tmut/Erth      21%        N/A       41%         4

Your spell library contained the following spells:

 Spells                   Type           Power      Damage    Failure   Level
 Passwall                 Tmut/Erth      17%        N/A       7%          2
 Blink                    Tloc           8%         N/A       24%         2
 Dazzling Flash           Conj/Hex       8%         N/A       43%         3
 Lesser Beckoning         Tloc           4%         N/A       43%         3
 Iskenderun's Mystic Bla  Conj/Tloc      4%         2d3       83%         4
 Manifold Assault         Tloc           4%         N/A       99%         5
 Starburst                Conj/Fire      2%         6d3       100%        6


Dungeon Overview and Level Annotations

Branches:
Dungeon (3/15)

Altars:
Cheibriados
Uskayaw
Yredelemnul

Shops:
D:2 *   D:3 *:

Annotations:
D:3 1 runed translucent door, Crazy Yiuf


Innate Abilities, Weirdness & Mutations

You are immune to sickness and miasma.
Your stone body is resilient. (AC +4)
You are immune to poison.
You resist negative energy. (rN+)
You are resistant to electric shocks. (rElec)
You are resistant to unholy torment.
You are immune to petrification.


Message History

Items here: ))) ††.
Found a hammer.
Found a runed translucent door.
Items here: ))) ††.
You open the door.
Found a stone staircase leading down.
There is an open door here.
An orc and an orc priest come into view.
The orc priest is wielding a +0 trident of protection.
An orc priest and 2 orcs come into view.
Found a scroll of teleportation.
The orc shouts!
The orc priest shouts!
The orc shouts!
The orc priest mumbles some strange prayers to Beogh against you.
You resist with some effort.
The orc shouts!
The blast of sand hits the orc priest.
The orc priest is lightly wounded.
The orc priest closely misses you.
The blast of sand hits the orc priest but does no damage.
The orc priest is lightly wounded.
The orc priest hits you from afar with a +0 trident of protection.
The orc priest hits you but does no damage.
As you read the scroll of teleportation, it crumbles to dust.
You feel strangely unstable.
The orc priest hits you from afar with a +0 trident of protection.
The orc hits you with a +0 hand axe. The orc attacks as you move away!
The orc barely misses you. The orc attacks as you move away!
The orc hits you with a +0 dagger. The orc attacks as you move away!
The orc completely misses you.
The orc priest invokes the aid of Beogh against you.
Beogh smites you!
* * * LOW HITPOINT WARNING * * *
There is an open door here.
Your surroundings suddenly seem different.
Unknown command.
Unknown command.
It was a potion of brilliance.
You feel clever all of a sudden.
The orc priest invokes the aid of Beogh against you.
Beogh smites you!
You die...

#)#
##################.#
#>.....o'..........'
#.....###..........#
###..o.o#
#########'##
.....o.# ###..#
##...o.# #.....
#.....# #.....
#..@..# ##.....
#.?...# #......
#.......# #......
#.......# #...###
#....#### ##### #
##### #########
#........ #........
#........


You could see 2 orc priests and 2 orcs.

Vanquished Creatures
  A hound (D:3)
  A scorpion zombie (D:3)
  Terence (D:3)
  2 hound zombies (D:3)
  Robin (D:2)
  2 adders (D:2)
  3 gnolls (D:3)
  2 worms
  A dart slug (D:2)
  An orc (D:3)
  3 endoplasms
  2 giant cockroaches
  8 goblins
  7 hobgoblins
  A kobold (D:2)
  A quokka (D:2)
  A ball python (D:2)
  4 bats
  5 frilled lizards
  3 rats
50 creatures vanquished.

Notes
Turn   | Place    | Note
-------+----------+-------------------------------------------
     0 | D:1      | greasedhog the Gargoyle Earth Elementalist began the quest
                  | for the Orb.
     0 | D:1      | Reached XP level 1. HP: 10/10 MP: 3/3
   419 | D:1      | Reached XP level 2. HP: 15/15 MP: 3/5
   660 | D:2      | Found a faded altar of an unknown god.
   660 | D:2      | Noticed a cacodemon
   691 | D:2      | Reached skill level 4 in Earth Magic
   736 | D:2      | Reached XP level 3. HP: 14/19 MP: 1/6
   862 | D:2      | Learned a level 3 spell: Stone Arrow
   893 | D:2      | Noticed Robin
  1098 | D:2      | Killed Robin
  1099 | D:2      | Reached XP level 4. HP: 13/24 MP: 3/8
  1314 | D:2      | Found a snail-covered altar of Cheibriados.
  1362 | D:2      | Found Cur Vorch's Assorted Antiques.
  1983 | D:2      | You fall into a shaft and drop 1 floor!
  2001 | D:3      | Found Zurizenara's Book Shop.
  2140 | D:3      | Learned a level 4 spell: Petrify
  2145 | D:3      | Reached XP level 5. HP: 28/28 MP: 5/9
  2191 | D:3      | Found a basalt altar of Yredelemnul.
  2257 | D:3      | Reached skill level 5 in Earth Magic
  2306 | D:3      | Found Meerghum's General Store.
  2309 | D:3      | Bought a scroll of teleportation for 36 gold pieces
  2310 | D:3      | Noticed Terence
  2317 | D:3      | Killed Terence
  2414 | D:3      | Found a hide-covered altar of Uskayaw.
  2512 | D:3      | Found a runed translucent door.
  2513 | D:3      | Noticed Crazy Yiuf
  2547 | D:3      | Killed from afar by an orc priest

Illustrated notes

Levels and vault maps discovered:
D:1:      dpeg_arrival_connections, layout_basic
D:2:      layout_basic, serial_shops, nicolae_lakefront_shop,
          dreamdust_ecumenical_altar_sealed_demon, basic_altar,
          chequers_big_river, uniq_robin
D:3:      layout_basic, nicolae_uskayaw_suspiria,
          nicolae_yredelemnul_corpse_copse, serial_shops,
          nicolae_shop_behind_doors, nicolae_shop_behind_doors, shop_statue,
          uniq_terence, uniq_natasha, uniq_crazy_yiuf_cottage

Skill      XL: |  1  2  3  4  5 |
---------------+----------------+-----
Earth Magic    | 4 5 |  5.3
Stealth        | 3 4 |  4.4
Spellcasting   | 3 |  3.5
Dodging        | |  1.5
Transmutations | |  0.7

Action                   |  1- 3 |  4- 6 || total
-------------------------+-------+-------++-------
Melee: Dagger            |     1 |     2 ||     3
 Cast: Sandblast         |    42 |    48 ||    90
  Use: Scroll            |     2 |     3 ||     5
       Potion            |       |     1 ||     1
Armor: Robe              |    23 |    16 ||    39
Dodge: Dodged            |    15 |    16 ||    31

Table legend: (Time is in decaauts)
 A = Elapsed time spent in this place.
 B = Non-inter-level travel time spent in this place.
 C = Inter-level travel time spent in this place.
 D = Time resting spent in this place.
 E = Time spent auto-exploring this place.
 F = Levels seen in this place.
 G = Mean time per level.
                   A        B        C        D        E       F      G
               +--------+--------+--------+--------+--------+-----+--------+
         Total |   2641 |   2638 |      3 |     86 |   2151 |   3 |  880.3 |
       Dungeon |   2641 |   2638 |      3 |     86 |   2151 |   3 |  880.3 |
               +--------+--------+--------+--------+--------+-----+--------+

Top non-repeatable levels by time:
     D:2: 1281 daAuts
     D:1: 761 daAuts
     D:3: 598 daAuts
